[Event "EIRCC 2019"]
[Site "Tallinn"]
[Date "2019.12.06"]
[Round "10.19"]
[White "Dordzhieva, Dinara"]
[Black "Stocek, Jiri"]
[Result "1-0"]
[ECO "A05"]
[WhiteElo "2314"]
[BlackElo "2575"]
[Annotator "ChessBase"]
[PlyCount "53"]
[EventDate "2019.12.05"]
[EventType "swiss"]
[EventCountry "EST"]
[SourceTitle "playchess.com"]
[Source "ChessBase"]
[SourceQuality "1"]
[TimeControl "900+10"]

1. Nf3 Nf6 2. c4 e6 3. g3 b6 4. Bg2 Bb7 5. O-O a5 6. d4 Na6 7. d5 exd5 8. Nh4 g6 9. cxd5 Bg7 10. Nc3 O-O 11. e4 Re8 12. Re1 d6 13. Be3 Nc5 14. Bd4 Ba6 15. Qd2 Qd7 16. Rad1 Rad8 17. Qc2 Bb7 18. h3 Qc8 19. a3 c6 20. b4 Ncd7 21. dxc6 Bxc6 22. Qb3 Qa8 23. Nf3 Nxe4 24. Bxg7 Kxg7 25. Nxe4 Bxe4 26. Ng5 d5 27. Bxe4 1-0

[Event "EIRCC 2019"]
[Site "Tallinn"]
[Date "2019.12.06"]
[Round "10.20"]
[White "Belyakov, Bogdan"]
[Black "Kukk, Sander"]
[Result "1-0"]
[ECO "B09"]
[WhiteElo "2481"]
[BlackElo "2194"]
[Annotator "ChessBase"]
[PlyCount "57"]
[EventDate "2019.12.05"]
[EventType "swiss"]
[EventCountry "EST"]
[SourceTitle "playchess.com"]
[Source "ChessBase"]
[SourceQuality "1"]
[TimeControl "900+10"]

1. e4 g6 2. d4 Bg7 3. Nc3 d6 4. f4 Nf6 5. Nf3 O-O 6. Bd3 Na6 7. O-O c5 8. d5 Nc7 9. a4 Rb8 10. Qe1 a6 11. a5 b5 12. axb6 Rxb6 13. Qh4 Nb5 14. Nxb5 axb5 15. c3 c4 16. Bc2 b4 17. f5 bxc3 18. bxc3 Qc7 19. Ng5 Re8 20. fxg6 hxg6 21. Be3 Rb2 22. Ba4 Bd7 23. Bd4 Bxa4 24. Rxa4 Reb8 25. Ra7 R2b7 26. Rxb7 Rxb7 27. h3 Qb8 28. Kh2 Rb1 29. Rxf6 1-0

[Event "EIRCC 2019"]
[Site "Tallinn"]
[Date "2019.12.06"]
[Round "10.21"]
[White "Lintchevski, Daniil"]
[Black "Mickevicius, Juras"]
[Result "1/2-1/2"]
[ECO "B13"]
[WhiteElo "2538"]
[BlackElo "2270"]
[Annotator "ChessBase"]
[PlyCount "77"]
[EventDate "2019.12.05"]
[EventType "swiss"]
[EventCountry "EST"]
[SourceTitle "playchess.com"]
[Source "ChessBase"]
[SourceQuality "1"]
[TimeControl "900+10"]

1. e4 c6 2. d4 d5 3. exd5 cxd5 4. Bd3 Nc6 5. c3 Qc7 6. Ne2 Bg4 7. O-O Nf6 8. Qe1 Bh5 9. f4 Bxe2 10. Qxe2 g6 11. Nd2 Bg7 12. Nf3 O-O 13. Ne5 e6 14. Bd2 Ne7 15. g4 Nc8 16. g5 Nd7 17. h4 Nd6 18. h5 Nf5 19. Rf3 Rfe8 20. Rh3 Bxe5 21. fxe5 Nf8 22. Kg2 a6 23. Rah1 Re7 24. a4 Rc8 25. b3 Qb6 26. Qd1 Rec7 27. Bb1 Qa7 28. Bd3 Qb6 29. Rf1 Qc6 30. Qe2 Rb8 31. Ra1 Qd7 32. Rhh1 Rbc8 33. Rh3 Rb8 34. a5 Rbc8 35. Ra4 Ng7 36. h6 Nf5 37. Rb4 Qe7 38. Qe1 Nd7 39. Kh2 1/2-1/2

[Event "EIRCC 2019"]
[Site "Tallinn"]
[Date "2019.12.06"]
[Round "10.22"]
[White "Lobanov, Sergei"]
[Black "Khakimov, Timur"]
[Result "1-0"]
[ECO "C63"]
[WhiteElo "2504"]
[BlackElo "2274"]
[Annotator "ChessBase"]
[PlyCount "123"]
[EventDate "2019.12.05"]
[EventType "swiss"]
[EventCountry "EST"]
[SourceTitle "playchess.com"]
[Source "ChessBase"]
[SourceQuality "1"]
[TimeControl "900+10"]

1. e4 e5 2. Nf3 Nc6 3. Bb5 f5 4. d3 fxe4 5. dxe4 Nf6 6. O-O Bc5 7. Bxc6 bxc6 8. Nxe5 O-O 9. Qd3 Qe7 10. Qb3+ Kh8 11. Nd3 Bb6 12. Nc3 Nxe4 13. Nxe4 Qxe4 14. Be3 Bxe3 15. Rae1 Ba6 16. Rxe3 Qd4 17. c3 Qf6 18. Qc2 Rae8 19. Qd2 Rxe3 20. Qxe3 c5 21. Rd1 d6 22. f3 Bb5 23. Re1 h6 24. Qd2 Qg6 25. Re3 Bc6 26. Qe2 Qg5 27. Nf2 Bd5 28. b3 a5 29. c4 Bc6 30. Ne4 Qe5 31. Nc3 Qd4 32. Kf1 a4 33. Nxa4 d5 34. Rd3 Qh4 35. Qf2 Qxf2+ 36. Kxf2 dxc4 37. Rc3 cxb3 38. axb3 Bxa4 39. bxa4 Ra8 40. Rc4 Ra5 41. Ke3 Kg8 42. Ke4 Kf7 43. Kd5 Ke7 44. Kc6 Kd8 45. Rg4 g5 46. h4 Ra6+ 47. Kxc5 Ra5+ 48. Kc6 gxh4 49. Rxh4 h5 50. Rf4 Ra6+ 51. Kb5 Rb6+ 52. Kc5 Rg6 53. g4 hxg4 54. fxg4 Rg5+ 55. Kc6 Rg6+ 56. Kb5 Kc8 57. Rb4 Kb7 58. Kc5+ Ka6 59. Kd5 Ka5 60. Rc4 c6+ 61. Ke5 c5 62. Kf5 1-0

[Event "EIRCC 2019"]
[Site "Tallinn"]
[Date "2019.12.06"]
[Round "10.23"]
[White "Martynov, Roman"]
[Black "Studer, Noel"]
[Result "0-1"]
[ECO "D20"]
[WhiteElo "2322"]
[BlackElo "2546"]
[Annotator "ChessBase"]
[PlyCount "86"]
[EventDate "2019.12.05"]
[EventType "swiss"]
[EventCountry "EST"]
[SourceTitle "playchess.com"]
[Source "ChessBase"]
[SourceQuality "1"]
[TimeControl "900+10"]

1. d4 d5 2. c4 dxc4 3. e3 Nf6 4. Bxc4 e6 5. Nf3 a6 6. O-O c5 7. dxc5 Bxc5 8. Qxd8+ Kxd8 9. Ne5 Ke7 10. Be2 Nbd7 11. Nc4 b6 12. Nbd2 a5 13. Nb3 Ba6 14. Nxc5 bxc5 15. b3 Rhb8 16. Ba3 a4 17. Rfb1 Nd5 18. Bf3 axb3 19. axb3 Bxc4 20. bxc4 Rxa3 21. cxd5 Ne5 22. dxe6 Nxf3+ 23. gxf3 Kxe6 24. Rxb8 Rxa1+ 25. Kg2 Ra7 26. Rc8 Kd5 27. f4 Kc4 28. f5 f6 29. f4 Kb4 30. e4 Re7 31. Kf3 c4 32. Ke3 Kb3 33. Rb8+ Kc2 34. Kd4 c3 35. e5 Rd7+ 36. Ke4 Kd2 37. e6 Rc7 38. Kd5 c2 39. Rb2 Ke3 40. Rxc2 Rxc2 41. e7 Rc8 42. Ke6 Kxf4 43. Kd7 Ra8 0-1

[Event "EIRCC 2019"]
[Site "Tallinn"]
[Date "2019.12.06"]
[Round "10.25"]
[White "Pershin, Denis"]
[Black "Sanz Wawer, Daniel"]
[Result "1/2-1/2"]
[ECO "B12"]
[WhiteElo "2389"]
[BlackElo "2212"]
[Annotator "NA"]
[PlyCount "94"]
[EventDate "2019.12.05"]
[EventType "swiss"]
[EventCountry "EST"]
[SourceTitle "playchess.com"]
[Source "ChessBase"]
[SourceQuality "1"]
[TimeControl "900+10"]

1. e4 c6 2. d4 d5 3. e5 c5 4. dxc5 e6 5. a3 Bxc5 6. b4 Be7 7. Bb2 a5 8. b5 Nd7 9. Nd2 Nh6 10. Ngf3 Nc5 11. c4 O-O 12. Qc2 Bd7 13. Be2 Rc8 14. O-O Nf5 15. Rfd1 Qc7 16. Nf1 Ne4 17. Qd3 Bc5 18. Nd4 Qxe5 19. cxd5 Bxd4 20. Bxd4 Nxd4 21. Qxd4 Qxd4 22. Rxd4 Nc3 23. Bf3 Nxb5 24. Rd2 exd5 25. Bxd5 Bc6 26. a4 Nc3 27. Bxc6 Rxc6 28. Rd7 Rb8 29. Ne3 g6 30. g3 b5 31. axb5 Rxb5 32. Ng4 Kg7 33. Ra7 a4 34. Re1 Rb1 35. Rxb1 Nxb1 36. Rxa4 Rc7 37. Ra6 Nc3 38. Nf6 Re7 39. h4 Ne4 40. Nd5 Rd7 41. Ra5 Nf6 42. Nf4 Rb7 43. Kg2 Rd7 44. Ra6 Rb7 45. Rd6 Rd7 46. Rb6 Nd5 47. Nxd5 Rxd5 1/2-1/2

[Event "EIRCC 2019"]
[Site "Tallinn"]
[Date "2019.12.06"]
[Round "10.27"]
[White "Hjartarson, Johann"]
[Black "Kononenko, Dmitry"]
[Result "1/2-1/2"]
[ECO "A36"]
[WhiteElo "2524"]
[BlackElo "2316"]
[Annotator "ChessBase"]
[PlyCount "113"]
[EventDate "2019.12.05"]
[EventType "swiss"]
[EventCountry "EST"]
[SourceTitle "playchess.com"]
[Source "ChessBase"]
[SourceQuality "1"]
[TimeControl "900+10"]

1. c4 c5 2. g3 g6 3. Bg2 Bg7 4. Nc3 Nc6 5. a3 d6 6. Rb1 a5 7. Nf3 Nf6 8. O-O Bf5 9. d3 Qd7 10. Re1 Bh3 11. Bh1 h5 12. Bg5 Rb8 13. Qd2 Ng4 14. Nd5 f6 15. Be3 Kf7 16. d4 Nxe3 17. Qxe3 Bh6 18. Qc3 cxd4 19. Nxd4 Nxd4 20. Qxd4 Kg7 21. Rbd1 Rhd8 22. Qb6 a4 23. Rd4 Be6 24. Red1 Bxd5 25. Bxd5 Rdc8 26. h4 Rc5 27. Qb4 b6 28. Bf3 Qa7 29. Rd5 Rbc8 30. Rxc5 bxc5 31. Qc3 Rb8 32. Qc2 Rb3 33. Bc6 Qb6 34. Bb5 Qb7 35. Rd3 Qe4 36. Bxa4 Rxd3 37. Qxd3 Qxd3 38. exd3 Bc1 39. b4 Bxa3 40. b5 Bb4 41. b6 Ba5 42. b7 Bc7 43. Be8 f5 44. Kg2 Kf6 45. Kf3 e6 46. Ke3 d5 47. d4 cxd4+ 48. Kxd4 dxc4 49. Kxc4 f4 50. gxf4 Bxf4 51. Bd7 Bb8 52. Kc5 e5 53. Kd5 g5 54. hxg5+ Kxg5 55. Ke4 h4 56. Bh3 Bc7 57. f3 1/2-1/2

[Event "EIRCC 2019"]
[Site "Tallinn"]
[Date "2019.12.06"]
[Round "10.28"]
[White "Kanep, Siim"]
[Black "Mohr, Georg"]
[Result "1/2-1/2"]
[ECO "B06"]
[WhiteElo "2180"]
[BlackElo "2433"]
[Annotator "NA"]
[PlyCount "65"]
[EventDate "2019.12.05"]
[EventType "swiss"]
[EventCountry "EST"]
[SourceTitle "playchess.com"]
[Source "ChessBase"]
[SourceQuality "1"]
[TimeControl "900+10"]

1. d4 g6 2. e4 Bg7 3. Nc3 d6 4. Be3 a6 5. Qd2 b5 6. Nf3 Bb7 7. Bd3 Nd7 8. O-O e6 9. a4 b4 10. Ne2 a5 11. Ng3 Ne7 12. Bh6 O-O 13. Bxg7 Kxg7 14. c3 c5 15. Bb5 Nf6 16. Rfe1 h6 17. Rad1 cxd4 18. Nxd4 bxc3 19. bxc3 Qc7 20. Bd3 e5 21. Nb5 Qc5 22. Bc2 d5 23. exd5 Nexd5 24. Rxe5 Rfe8 25. Qd4 Qxd4 26. cxd4 Rad8 27. Rxe8 Nxe8 28. Ne4 Bc6 29. f3 Nef6 30. Nxf6 Kxf6 31. Be4 Bxb5 32. axb5 Nc3 33. Ra1 1/2-1/2

[Event "EIRCC 2019"]
[Site "Tallinn"]
[Date "2019.12.06"]
[Round "10.29"]
[White "Pohjala, Henri"]
[Black "Meyer, Falko"]
[Result "1-0"]
[ECO "A40"]
[WhiteElo "2350"]
[BlackElo "2208"]
[Annotator "NA"]
[PlyCount "83"]
[EventDate "2019.12.05"]
[EventType "swiss"]
[EventCountry "EST"]
[SourceTitle "playchess.com"]
[Source "ChessBase"]
[SourceQuality "1"]
[TimeControl "900+10"]

1. d4 c6 2. Nf3 d5 3. g3 Nf6 4. Bg2 a6 5. O-O g6 6. b3 Bg7 7. c4 O-O 8. Bb2 Ne4 9. Nbd2 Nxd2 10. Qxd2 Nd7 11. cxd5 cxd5 12. Rac1 Re8 13. Ne5 e6 14. Rfd1 f5 15. Nd3 a5 16. Rc2 b6 17. Rdc1 Ba6 18. Nf4 Bh6 19. Ba3 Nf6 20. Rc6 Rc8 21. Rxc8 Bxc8 22. Qc2 Bd7 23. Bd6 Qa8 24. Qb2 Rc8 25. Rc2 Rc6 26. Be5 Ng4 27. Nd3 Rxc2 28. Qxc2 Bb5 29. Qc7 Bxd3 30. exd3 Bf8 31. Qd7 Nxe5 32. dxe5 Bc5 33. Qxe6+ Kg7 34. Bxd5 Qd8 35. h4 Kh6 36. Kg2 f4 37. Be4 fxg3 38. fxg3 Qd4 39. Qf6 Qg1+ 40. Kh3 Be7 41. Qxe7 Qf1+ 42. Bg2 1-0

[Event "EIRCC 2019"]
[Site "Tallinn"]
[Date "2019.12.06"]
[Round "10.30"]
[White "Dragnev, Valentin"]
[Black "Valner, Uku"]
[Result "1-0"]
[ECO "A40"]
[WhiteElo "2553"]
[BlackElo "2302"]
[Annotator "ChessBase"]
[PlyCount "41"]
[EventDate "2019.12.05"]
[EventType "swiss"]
[EventCountry "EST"]
[SourceTitle "playchess.com"]
[Source "ChessBase"]
[SourceQuality "1"]
[TimeControl "900+10"]

1. d4 e6 2. c4 b6 3. e4 Bb7 4. Nc3 Bb4 5. f3 Bxc3+ 6. bxc3 d6 7. Bd3 Nd7 8. Ne2 Ngf6 9. O-O Qe7 10. a4 a5 11. Rb1 h6 12. Ng3 g6 13. f4 e5 14. fxe5 dxe5 15. c5 Ba6 16. Bxa6 Rxa6 17. c6 Nb8 18. Qf3 Ng8 19. Ba3 Qxa3 20. Qxf7+ Kd8 21. Qg7 1-0

[Event "EIRCC 2019"]
[Site "Tallinn"]
[Date "2019.12.06"]
[Round "10.32"]
[White "Nestor, Kaarel"]
[Black "Frischmann, Rick"]
[Result "1/2-1/2"]
[ECO "D02"]
[WhiteElo "2154"]
[BlackElo "2355"]
[Annotator "NA"]
[PlyCount "142"]
[EventDate "2019.12.05"]
[EventType "swiss"]
[EventCountry "EST"]
[SourceTitle "playchess.com"]
[Source "ChessBase"]
[SourceQuality "1"]
[TimeControl "900+10"]

1. d4 d5 2. Nf3 Nc6 3. Bf4 Bg4 4. e3 e6 5. Be2 Bd6 6. Bg3 Nf6 7. Nbd2 O-O 8. O-O Qe7 9. Ne5 Bxe2 10. Nxc6 Bxd1 11. Nxe7+ Bxe7 12. Rfxd1 c5 13. c3 Rac8 14. Bh4 h6 15. Rac1 g5 16. Bg3 Rfd8 17. Kf1 b5 18. dxc5 Bxc5 19. Nb3 Bb6 20. Nd4 a6 21. f3 Nd7 22. Ke2 Nc5 23. Rc2 Na4 24. Rdc1 Ba7 25. h4 Kf8 26. Rh1 Ke7 27. hxg5 hxg5 28. Rh5 b4 29. cxb4 Bxd4 30. Rxc8 Rxc8 31. exd4 Rc2+ 32. Kf1 Rxb2 33. Rxg5 Rxb4 34. Bh4 Kd6 35. Rg7 Rb7 36. Bf6 Nc3 37. a3 a5 38. Rg8 Kc7 39. Ra8 a4 40. Be7 Rb3 41. Bc5 Kc6 42. Rc8+ Kb5 43. Rf8 f5 44. Re8 Kc4 45. Rxe6 f4 46. g4 fxg3 47. Kg2 Nb5 48. Ra6 Nxd4 49. Bxd4 Kxd4 50. Rxa4+ Kc3 51. Kxg3 d4 52. Ra8 d3 53. Kf2 Kc2 54. Rc8+ Rc3 55. Rd8 Rxa3 56. f4 Rb3 57. Rd6 Kc1 58. Rc6+ Kd1 59. Rd6 d2 60. f5 Rb5 61. f6 Rc5 62. Ke3 Re5+ 63. Kf4 Re1 64. Kg5 Ke2 65. f7 Rg1+ 66. Kh6 Rf1 67. Re6+ Kd3 68. Rd6+ Kc2 69. Rc6+ Kb2 70. Rb6+ Kc2 71. Rc6+ Kb2 1/2-1/2

[Event "EIRCC 2019"]
[Site "Tallinn"]
[Date "2019.12.06"]
[Round "10.33"]
[White "Askerov, Marat"]
[Black "Krutti, Valer"]
[Result "0-1"]
[ECO "A50"]
[WhiteElo "2335"]
[BlackElo "2295"]
[Annotator "NA"]
[PlyCount "54"]
[EventDate "2019.12.05"]
[EventType "swiss"]
[EventCountry "EST"]
[SourceTitle "playchess.com"]
[Source "ChessBase"]
[SourceQuality "1"]
[TimeControl "900+10"]

1. d4 Nf6 2. c4 c6 3. Nc3 d5 4. cxd5 cxd5 5. Bf4 Nc6 6. e3 a6 7. Rc1 Bf5 8. Nf3 Rc8 9. Be2 e6 10. O-O Bd6 11. Bxd6 Qxd6 12. Na4 O-O 13. Nc5 Rc7 14. Qb3 Rb8 15. Qb6 Bg4 16. Rc2 Bxf3 17. Bxf3 Nd7 18. Nxd7 Qxd7 19. Rfc1 Rcc8 20. Be2 g6 21. g3 Ne7 22. Rc7 Rxc7 23. Rxc7 Qd8 24. a4 Nc8 25. Qc5 Nd6 26. Qa5 Ne8 27. Rc5 b6 0-1

[Event "EIRCC 2019"]
[Site "Tallinn"]
[Date "2019.12.06"]
[Round "10.36"]
[White "Peterson, Emery"]
[Black "Ahvenjarvi, Jani"]
[Result "1-0"]
[ECO "C11"]
[WhiteElo "2158"]
[BlackElo "2352"]
[Annotator "NA"]
[PlyCount "89"]
[EventDate "2019.12.05"]
[EventType "swiss"]
[EventCountry "EST"]
[SourceTitle "playchess.com"]
[Source "ChessBase"]
[SourceQuality "1"]
[TimeControl "900+10"]

1. d4 Nf6 2. Nc3 d5 3. e4 e6 4. Be3 Bb4 5. f3 c5 6. a3 Bxc3+ 7. bxc3 Qa5 8. e5 cxd4 9. Bxd4 Nfd7 10. f4 Nc6 11. Qd2 b6 12. Nf3 Ba6 13. Bxa6 Qxa6 14. Qd3 Qxd3 15. cxd3 Ke7 16. Kd2 Rac8 17. Bf2 f6 18. exf6+ gxf6 19. Rhe1 Rhg8 20. g3 Kf7 21. Nd4 Nc5 22. Rab1 Rge8 23. Nb5 Red8 24. Bxc5 bxc5 25. Nxa7 Rc7 26. Nxc6 Rxc6 27. Rb7+ Kg6 28. g4 Ra8 29. Rxe6 Rxe6 30. f5+ Kg5 31. fxe6 Kxg4 32. e7 f5 33. Rd7 Re8 34. a4 Kf3 35. Rxd5 f4 36. Re5 Kg2 37. Ke1 f3 38. Rg5+ Kxh2 39. Kf2 Kh3 40. Rg7 h5 41. d4 cxd4 42. cxd4 h4 43. d5 Kh2 44. d6 h3 45. d7 1-0

[Event "EIRCC 2019"]
[Site "Tallinn"]
[Date "2019.12.06"]
[Round "11.5"]
[White "Yuffa, Daniil"]
[Black "Lysyj, Igor"]
[Result "1/2-1/2"]
[ECO "E09"]
[WhiteElo "2587"]
[BlackElo "2599"]
[Annotator "ChessBase"]
[PlyCount "43"]
[EventDate "2019.12.05"]
[EventType "swiss"]
[EventCountry "EST"]
[SourceTitle "playchess.com"]
[Source "ChessBase"]
[SourceQuality "1"]
[TimeControl "900+10"]

1. d4 Nf6 2. c4 e6 3. g3 d5 4. Bg2 Be7 5. Nf3 O-O 6. O-O Nbd7 7. Qc2 c6 8. Nbd2 b6 9. e4 dxc4 10. Nxc4 Bb7 11. Re1 c5 12. Bf4 cxd4 13. Nd6 Bxd6 14. Bxd6 d3 15. Qb3 Re8 16. e5 Ne4 17. Qxd3 Nxe5 18. Nxe5 Nxd6 19. Nc6 Qd7 20. Ne5 Qe7 21. Nc6 Qd7 22. Ne5 1/2-1/2

[Event "EIRCC 2019"]
[Site "Tallinn"]
[Date "2019.12.06"]
[Round "11.8"]
[White "Riazantsev, Alexander"]
[Black "Sebenik, Matej"]
[Result "1-0"]
[ECO "D30"]
[WhiteElo "2594"]
[BlackElo "2504"]
[Annotator "ChessBase"]
[PlyCount "47"]
[EventDate "2019.12.05"]
[EventType "swiss"]
[EventCountry "EST"]
[SourceTitle "playchess.com"]
[Source "ChessBase"]
[SourceQuality "1"]
[TimeControl "900+10"]

1. d4 Nf6 2. c4 e6 3. Nf3 d5 4. Bg5 Be7 5. e3 h6 6. Bxf6 Bxf6 7. Qc2 O-O 8. h4 g6 9. g4 Bg7 10. g5 h5 11. Nc3 c5 12. dxc5 Na6 13. cxd5 Nxc5 14. O-O-O Qa5 15. Nd4 exd5 16. Nxd5 Bg4 17. f3 Bxf3 18. Nxf3 Qxa2 19. Bc4 Bxb2+ 20. Kd2 Qa5+ 21. Ke2 Bg7 22. Ne7+ Kh8 23. Nxg6+ fxg6 24. Qxg6 1-0

[Event "EIRCC 2019"]
[Site "Tallinn"]
[Date "2019.12.06"]
[Round "11.9"]
[White "Studer, Noel"]
[Black "Aleksandrov, Aleksej"]
[Result "1/2-1/2"]
[ECO "E06"]
[WhiteElo "2405"]
[BlackElo "2576"]
[Annotator "RC"]
[PlyCount "103"]
[EventDate "2019.12.05"]
[EventType "swiss"]
[EventCountry "EST"]
[SourceTitle "playchess.com"]
[Source "ChessBase"]
[SourceQuality "1"]
[TimeControl "900+10"]

1. d4 Nf6 2. c4 e6 3. Nf3 d5 4. g3 Be7 5. Bg2 O-O 6. Qb3 c5 7. cxd5 exd5 8. dxc5 Nbd7 9. O-O Nxc5 10. Qd1 Bf5 11. Be3 Qd7 12. Nc3 Rfd8 13. Rc1 Rac8 14. Bd4 a6 15. a3 h6 16. b4 Nce4 17. Qb3 Nxc3 18. Bxc3 Ne4 19. Bd4 Qe6 20. Qb2 Bf8 21. Rfd1 Nd6 22. Qa2 Rxc1 23. Rxc1 Rc8 24. Rxc8 Qxc8 25. Bc5 Ne4 26. Be3 Qc3 27. h4 Nxg3 28. Bf4 Nh5 29. Bd2 Qc2 30. Qxd5 Nf6 31. Qe5 Be4 32. Qf4 Qd1+ 33. Bf1 Bd5 34. Be3 Ne4 35. Nd4 Nc3 36. f3 Qa1 37. Bc1 Bc4 38. Qd2 Nd5 39. Bb2 Qa2 40. Nf5 a5 41. Qd4 f6 42. bxa5 Ba6 43. Kg2 Nf4+ 44. Qxf4 Qxb2 45. Qg4 Bxe2 46. Nxh6+ Kh7 47. Nf5 Bd3+ 48. Kg1 Qc1 49. Qh5+ Kg8 50. Nh6+ gxh6 51. Qd5+ Kh8 52. Qxd3 1/2-1/2

[Event "EIRCC 2019"]
[Site "Tallinn"]
[Date "2019.12.06"]
[Round "11.10"]
[White "Sipila, Vilka"]
[Black "Ruck, Robert"]
[Result "1-0"]
[ECO "B12"]
[WhiteElo "2380"]
[BlackElo "2551"]
[Annotator "ChessBase"]
[PlyCount "107"]
[EventDate "2019.12.05"]
[EventType "swiss"]
[EventCountry "EST"]
[SourceTitle "playchess.com"]
[Source "ChessBase"]
[SourceQuality "1"]
[TimeControl "900+10"]

1. e4 c6 2. d4 d5 3. e5 Bf5 4. Nf3 e6 5. Be2 Ne7 6. O-O Nd7 7. Nbd2 h6 8. Nb3 Bh7 9. Bd2 Ng6 10. g3 Be7 11. h4 O-O 12. h5 Nh8 13. Bd3 Bxd3 14. cxd3 f6 15. exf6 Rxf6 16. Qe2 Nf7 17. Rae1 Bd6 18. Bc3 Qe7 19. Ne5 Nf8 20. f4 Re8 21. Qg4 Rf5 22. Re2 Nxe5 23. dxe5 Bc5+ 24. Kg2 Bb6 25. d4 c5 26. dxc5 Bxc5 27. Bd4 b6 28. Rc2 Nd7 29. Rfc1 Rb8 30. Qe2 Qf7 31. Bxc5 bxc5 32. Nxc5 Nxc5 33. Rxc5 Qxh5 34. Rc8+ Kh7 35. Qxh5 Rxb2+ 36. R1c2 Rxc2+ 37. Rxc2 Rxh5 38. Rc6 Rf5 39. Rxe6 Rf7 40. Rd6 Rb7 41. Rxd5 Kg6 42. Kf3 h5 43. Ke4 Rb2 44. Rd6+ Kf7 45. Rd7+ Ke6 46. Rxa7 Rb4+ 47. Kf3 g5 48. Ra6+ Kd5 49. Rd6+ Kc5 50. fxg5 Ra4 51. g6 Rg4 52. a3 Ra4 53. g7 Rg4 54. Rd7 {[%emt 0:00:02] Kd5 Ke4+} 1-0

[Event "EIRCC 2019"]
[Site "Tallinn"]
[Date "2019.12.06"]
[Round "11.11"]
[White "Seeman, Tarvo"]
[Black "Belyakov, Bogdan"]
[Result "1/2-1/2"]
[ECO "A05"]
[WhiteElo "2325"]
[BlackElo "2520"]
[Annotator "ChessBase"]
[PlyCount "38"]
[EventDate "2019.12.05"]
[EventType "swiss"]
[EventCountry "EST"]
[SourceTitle "playchess.com"]
[Source "ChessBase"]
[SourceQuality "1"]
[TimeControl "900+10"]

1. Nf3 Nf6 2. g3 g6 3. Bg2 Bg7 4. O-O O-O 5. c4 d6 6. Nc3 Nc6 7. d3 a6 8. Bd2 Rb8 9. Rc1 Bd7 10. Nd5 e6 11. Nxf6+ Qxf6 12. b4 b5 13. cxb5 axb5 14. a4 bxa4 15. Qxa4 Rb6 16. b5 Nd4 17. Qxd4 Qxd4 18. Nxd4 Bxd4 19. Rxc7 Bxb5 1/2-1/2

[Event "EIRCC 2019"]
[Site "Tallinn"]
[Date "2019.12.06"]
[Round "11.12"]
[White "Potapov, Pavel"]
[Black "Dordzhieva, Dinara"]
[Result "1/2-1/2"]
[ECO "B22"]
[WhiteElo "2482"]
[BlackElo "2310"]
[Annotator "ChessBase"]
[PlyCount "52"]
[EventDate "2019.12.05"]
[EventType "swiss"]
[EventCountry "EST"]
[SourceTitle "playchess.com"]
[Source "ChessBase"]
[SourceQuality "1"]
[TimeControl "900+10"]

1. e4 c5 2. c3 d5 3. exd5 Qxd5 4. d4 Nf6 5. Nf3 Nc6 6. Be3 cxd4 7. cxd4 e6 8. Nc3 Qd6 9. Bd3 Be7 10. O-O O-O 11. a3 b6 12. Re1 Bb7 13. Bc2 Rfe8 14. Qd3 g6 15. Rad1 Rad8 16. Bg5 Nd5 17. Ne4 Qc7 18. Ba4 Bxg5 19. Nexg5 Qe7 20. h4 Rf8 21. h5 Qf6 22. hxg6 hxg6 23. Qe4 Qf4 24. Rc1 Qxe4 25. Nxe4 Nce7 26. Ne5 Kg7 1/2-1/2

[Event "EIRCC 2019"]
[Site "Tallinn"]
[Date "2019.12.06"]
[Round "11.13"]
[White "Postny, Evgeny"]
[Black "Shubin, Kirill"]
[Result "1-0"]
[ECO "A61"]
[WhiteElo "2598"]
[BlackElo "2321"]
[Annotator "ChessBase"]
[PlyCount "81"]
[EventDate "2019.12.05"]
[EventType "swiss"]
[EventCountry "EST"]
[SourceTitle "playchess.com"]
[Source "ChessBase"]
[SourceQuality "1"]
[TimeControl "900+10"]

1. d4 e6 2. c4 Nf6 3. Nf3 c5 4. d5 d6 5. Nc3 exd5 6. cxd5 g6 7. Bf4 a6 8. a4 Bg7 9. h3 Qe7 10. e3 O-O 11. Be2 Nbd7 12. O-O Ne8 13. Re1 Rb8 14. Nd2 f5 15. Bf1 g5 16. Bh2 Qf6 17. f4 h6 18. Kh1 Qg6 19. Nc4 Ndf6 20. Bd3 g4 21. Qc2 b5 22. axb5 axb5 23. Na5 c4 24. Bf1 b4 25. Nc6 Rb7 26. Nd1 Ne4 27. Bxc4 gxh3 28. Ba6 b3 29. Qe2 Ng3+ 30. Bxg3 Qxg3 31. Qf2 Qg4 32. Bxb7 Bxb7 33. Ne7+ Kh7 34. Ra7 Nf6 35. gxh3 Qxh3+ 36. Qh2 Qf3+ 37. Qg2 Qh5+ 38. Kg1 Rb8 39. Nc6 Qh4 40. Nf2 Nxd5 41. Qxd5 1-0

[Event "EIRCC 2019"]
[Site "Tallinn"]
[Date "2019.12.06"]
[Round "11.14"]
[White "Blohberger, Felix"]
[Black "Popov, Valerij"]
[Result "1/2-1/2"]
[ECO "D31"]
[WhiteElo "2316"]
[BlackElo "2583"]
[Annotator "ChessBase"]
[PlyCount "104"]
[EventDate "2019.12.05"]
[EventType "swiss"]
[EventCountry "EST"]
[SourceTitle "playchess.com"]
[Source "ChessBase"]
[SourceQuality "1"]
[TimeControl "900+10"]

1. d4 d5 2. c4 e6 3. Nc3 Bb4 4. a3 Bxc3+ 5. bxc3 c5 6. e3 Nc6 7. Bd3 dxc4 8. Bxc4 Nf6 9. Ne2 O-O 10. O-O e5 11. Bb2 Qb6 12. Qb3 Qc7 13. Qa4 Bd7 14. Qc2 Rac8 15. d5 Na5 16. Ba2 c4 17. e4 Nb3 18. Rab1 Ba4 19. Ng3 Nc5 20. Qe2 b5 21. Bc1 h6 22. f3 Nd3 23. Be3 a6 24. Qd2 Ne8 25. Kh1 f6 26. Nf5 Nd6 27. Nxd6 Qxd6 28. Ra1 Nc5 29. Bxc5 Qxc5 30. Bb1 a5 31. Bc2 Bb3 32. Bd1 Rb8 33. Qb2 Bxd1 34. Rfxd1 Rb6 35. Qe2 Rc8 36. Rdc1 g6 37. h3 Kg7 38. Rc2 h5 39. Qf2 Qd6 40. Qe3 h4 41. Qf2 g5 42. Qe3 Rb7 43. Qf2 Kf7 44. Qe3 Ke7 45. Rb2 Qb6 46. Qxb6 Rxb6 47. Rab1 Rcb8 48. Kg1 Kd6 49. Kf2 Kc5 50. Ke3 Rf8 51. Rd2 Rd6 52. Rdb2 Rb8 1/2-1/2

[Event "EIRCC 2019"]
[Site "Tallinn"]
[Date "2019.12.06"]
[Round "11.15"]
[White "Rogule, Laura"]
[Black "Stupak, Kirill"]
[Result "0-1"]
[ECO "A36"]
[WhiteElo "2292"]
[BlackElo "2552"]
[Annotator "ChessBase"]
[PlyCount "52"]
[EventDate "2019.12.05"]
[EventType "swiss"]
[EventCountry "EST"]
[SourceTitle "playchess.com"]
[Source "ChessBase"]
[SourceQuality "1"]
[TimeControl "900+10"]

1. c4 g6 2. Nc3 Bg7 3. g3 c5 4. Bg2 Nc6 5. e4 e6 6. Nge2 Nge7 7. d3 O-O 8. Be3 Nd4 9. h4 d5 10. exd5 exd5 11. Bxd4 cxd4 12. Nxd5 Nxd5 13. Bxd5 Re8 14. Qd2 Bg4 15. f3 Be6 16. Bxb7 Rb8 17. Bc6 Re7 18. O-O-O Qd6 19. Ba4 Reb7 20. b3 Rb4 21. c5 Qxc5+ 22. Qc2 Qa5 23. Bc6 Rc8 24. Kb2 Bd5 25. Qd2 Rxc6 26. Rc1 Rxb3+ 0-1

[Event "EIRCC 2019"]
[Site "Tallinn"]
[Date "2019.12.06"]
[Round "11.16"]
[White "Dubrovin, Robert"]
[Black "Lintchevski, Daniil"]
[Result "0-1"]
[ECO "D21"]
[WhiteElo "2235"]
[BlackElo "2515"]
[Annotator "ChessBase"]
[PlyCount "96"]
[EventDate "2019.12.05"]
[EventType "swiss"]
[EventCountry "EST"]
[SourceTitle "playchess.com"]
[Source "ChessBase"]
[SourceQuality "1"]
[TimeControl "900+10"]

1. d4 d5 2. c4 dxc4 3. Nf3 a6 4. e3 Bg4 5. Bxc4 e6 6. Nc3 Nf6 7. h3 Bh5 8. O-O Nc6 9. Be2 Bd6 10. b3 O-O 11. Bb2 Re8 12. Nd2 Bg6 13. Nc4 Bf8 14. Bf3 Nd5 15. a3 Nce7 16. Ne5 c6 17. g3 Nxc3 18. Bxc3 Nd5 19. Bb2 Nf6 20. h4 Be4 21. Be2 h6 22. Rc1 Nd7 23. Nxd7 Qxd7 24. Bd3 Bxd3 25. Qxd3 e5 26. Rfd1 e4 27. Qc4 Rad8 28. d5 cxd5 29. Qd4 Qg4 30. Rc7 Bd6 31. Rc2 Be5 32. Qd2 d4 33. Rc5 Bf6 34. Bxd4 Bxd4 35. exd4 e3 36. Qd3 e2 37. Re1 Rxd4 38. Qc3 Rd1 39. Kh2 Rxe1 40. Qxe1 Qf3 41. Rc2 g5 42. hxg5 hxg5 43. Rc5 Qf6 44. Kg2 g4 45. Rh5 Kg7 46. Rh4 Re4 47. a4 Qf3+ 48. Kh2 Rd4 0-1